 Dungeon Crawl Stone Soup version 0.21.0 (webtiles) character file.

1133 HungrySpirit the Magician (level 8, -1/44 HPs)
             Began as a Deep Elf Artificer on Jan 7, 2018.
             Was an Initiate of Vehumet.
             Slain by a mummy (16 damage)
             ... in an ossuary.
             The game lasted 00:13:05 (7160 turns).

HungrySpirit the Magician (Deep Elf Artificer)      Turns: 7160, Time: 00:13:06

Health: -1/44      AC:  5    Str:  9    XL:     8   Next: 14%
Magic:  20/20      EV: 15    Int: 19    God:    Vehumet [......]
Gold:   263        SH:  0    Dex: 15    Spells: 20/20 levels left

rFire    . . .     SeeInvis +   a - +1 short sword (venom)
rCold    . . .     Gourm    .   (no shield)
rNeg     . . .     Faith    .   b - +0 leather armour
rPois    .         Spirit   .   (no helmet)
rElec    .         Reflect  .   (no cloak)
rCorr    .         Harm     .   r - +1 pair of gloves
MR       .....                  (no boots)
Stlth    ++........             (no amulet)
HPRegen  0.14/turn              (no ring)
MPRegen  0.17/turn              s - ring of see invisible

@: no status effects
A: no striking features
a: Renounce Religion


You were in an ossuary.
You worshipped Vehumet.
Vehumet was noncommittal.
You were very hungry.

You visited 2 branches of the dungeon, and saw 7 of its levels.
You also visited: Ossuary.

You collected 263 gold pieces.

Inventory:

Hand Weapons
 a - a +1 short sword of venom (weapon)
Missiles
 w - 3 poisoned needles
Armour
 b - a +0 leather armour (worn)
 r - a +1 pair of gloves (worn)
Jewellery
 o - an uncursed ring of ice
 s - a ring of see invisible (right hand)
 y - an uncursed ring of ice
Wands
 e - a wand of random effects (6)
 h - a wand of polymorph (22)
 x - a wand of digging (6)
Scrolls
 g - a scroll of enchant armour {unknown}
 j - a scroll of remove curse
 k - 4 scrolls of identify
 l - 2 scrolls of fear {unknown}
 p - 2 scrolls of noise {unknown}
 q - 2 scrolls of immolation {unknown}
 t - a scroll of amnesia {unknown}
 u - 2 scrolls of teleportation {unknown}
 v - a scroll of fog {unknown}
Potions
 c - a potion of ambrosia
 i - a potion of agility
 m - a potion of heal wounds {unknown}
 n - 4 potions of curing {unknown}
Comestibles
 f - 7 rations


   Skills:
 - Level 2.0 Fighting
 * Level 6.2 Short Blades
 + Level 5.7 Dodging
 - Level 1.2 Stealth
 * Level 6.9 Spellcasting
 - Level 3.2 Evocations


You had 20 spell levels left.
You didn't know any spells.

Dungeon Overview and Level Annotations

Branches:
Dungeon (6/15)             Temple (1/1) D:6

Altars:
Ashenzari
Cheibriados
Dithmenos
Fedhas
Gozag
Okawaru
Qazlal
Sif Muna
Trog
Vehumet
Wu Jian
Xom
Zin
The Shining One


Message History

You hit the mummy but do no damage.
The mummy is severely damaged.
You hit the mummy.
The mummy is almost destroyed.
The mummy hits you!
You barely miss the mummy.
The mummy is almost destroyed.
You hit the mummy.
You destroy the mummy!
Vehumet accepts your kill.
You hit the mummy but do no damage. You hit the mummy.
The mummy is lightly damaged.
The mummy closely misses you.
You hit the mummy but do no damage.
The mummy is lightly damaged.
You hit the mummy but do no damage.
The mummy is lightly damaged.
The mummy hits you!
You die...

###############
......M@......##
.....####......##
... ##..##......#
...##....##.....#
................#
...............##
.............##
#........##+#
##......##


You could see a mummy.

Vanquished Creatures
  Eustachio (D:4)
  2 ogres (D:4)
  5 wights
  2 howler monkeys
  An orc priest (D:5)
  3 hounds
  3 orc wizards
  An iguana (D:4)
  2 worker ants (D:5)
  A hound skeleton (D:6)
  A hound zombie (D:5)
  5 mummies (Ossuary)
  4 gnolls (D:2)
  3 adders
  A shadow imp (D:5)
  An ooze (D:3)
  An adder skeleton (D:4)
  A worm (D:3)
  2 dart slugs
  2 leopard geckos
  8 orcs
  A ball python (D:3)
  10 bats
  10 giant cockroaches
  10 goblins
  4 hobgoblins
  3 jackals (D:4)
  14 kobolds
  4 quokkas
  5 frilled lizards
  A hobgoblin zombie (Ossuary)
  A kobold zombie (Ossuary)
  2 orc zombies (Ossuary)
  A quokka skeleton (D:5)
  13 rats
129 creatures vanquished.

Vanquished Creatures (collateral kills)
  2 kobold zombies (Ossuary)
2 creatures vanquished.

Vanquished Creatures (others)
  2 mummies (Ossuary)
  A gnoll zombie (Ossuary)
  A hobgoblin zombie (Ossuary)
4 creatures vanquished.

Grand Total: 135 creatures vanquished

Notes
Turn   | Place    | Note
-------+----------+-------------------------------------------
     0 | D:1      | HungrySpirit the Deep Elf Artificer began the quest for the Orb.
     0 | D:1      | Reached XP level 1. HP: 11/11 MP: 5/5
   141 | D:1      | Reached skill level 1 in Fighting
   186 | D:1      | Reached XP level 2. HP: 16/16 MP: 6/6
  1187 | D:2      | Found a blossoming altar of Fedhas.
  1403 | D:2      | Reached XP level 3. HP: 11/20 MP: 7/7
  1691 | D:2      | Reached XP level 4. HP: 25/25 MP: 8/8
  1867 | D:2      | Found an ornate altar of the Wu Jian Council.
  3033 | D:3      | Reached skill level 1 in Spellcasting
  3472 | D:3      | Reached XP level 5. HP: 30/30 MP: 9/9
  3725 | D:4      | Noticed Eustachio
  3739 | D:4      | Killed Eustachio
  3739 | D:4      | Reached XP level 6. HP: 29/35 MP: 10/13
  4291 | D:4      | Reached XP level 7. HP: 10/40 MP: 14/16
  4401 | D:4      | Reached skill level 5 in Short Blades
  4401 | D:4      | Reached skill level 5 in Spellcasting
  4684 | D:4      | Reached skill level 5 in Dodging
  5643 | D:5      | Entered Level 5 of the Dungeon
  6502 | D:5      | Reached XP level 8. HP: 42/44 MP: 19/19
  6941 | D:6      | Found a staircase to the Ecumenical Temple.
  6954 | Temple   | Entered the Ecumenical Temple
  6971 | Temple   | Became a worshipper of Vehumet
  6987 | D:6      | Found a sand-covered staircase.
  7008 | Ossuary  | Entered an ossuary
  7160 | Ossuary  | Slain by a mummy

Skill      XL: |  1  2  3  4  5  6  7  8 |
---------------+-------------------------+-----
Fighting       | 1 2 |  2.0
Short Blades   | 2 3 4 5 6 |  6.2
Dodging        | 3 4 5 |  5.7
Spellcasting   | 1 3 4 6 |  6.9
Stealth        | |  1.2
Evocations     | |  3.2

Action                   |  1- 3 |  4- 6 |  7- 9 || total
-------------------------+-------+-------+-------++-------
Melee: Short sword       |   106 |   143 |   212 ||   461
       Dagger            |       |    62 |       ||    62
 Fire: Blowgun           |       |       |     3 ||     3
Evoke: Wand              |     6 |    31 |    15 ||    52
  Use: Potion            |       |     1 |     1 ||     2
       Scroll            |       |       |     6 ||     6
 Stab: Sleeping          |     3 |     1 |     4 ||     8
       Betrayed ally     |       |       |     1 ||     1
  Eat: Chunk             |     3 |     8 |     8 ||    19
Armor: Leather armour    |    40 |    39 |    25 ||   104
Dodge: Dodged            |    70 |   127 |   106 ||   303
